 Dungeon Crawl Stone Soup version 0.26-b1-32-g5d43845318 (webtiles) character file.

Game seed: 993290435853957546

18802 night the Fighter (level 12, -3/110 HPs)
             Began as a White Draconian Conjurer on Jan 11, 2021.
             Was a High Priest of Zin.
             Slain by a blink frog (6 damage)
             ... while petrified by a basilisk
             ... on level 2 of the Lair of Beasts.
             The game lasted 00:44:32 (16077 turns).

night the Fighter (White Draconian Conjurer)       Turns: 16077, Time: 00:44:32

Health: -3/110     AC: 19    Str: 10    XL:     12   Next: 30%
Magic:  12/34      EV:  2    Int: 22    God:    Zin [*****.]
Gold:   649        SH:  0    Dex: 11    Spells: 15/30 levels left

rFire    . . .     SeeInvis +   C - +3 rapier (elec)
rCold    + . .     Faith    .   S - +0 buckler
rNeg     + + +     Spirit   .   (armour unavailable)
rPois    ∞         Reflect  .   n - +1 hat {SInv}
rElec    .         Harm     .   N - +2 cloak {rCorr}
rCorr    +         Rampage  .   E - +0 pair of gloves
Will     .....                  F - +1 pair of boots
Stlth    ++........             Y - amulet of the acrobat
HPRegen  0.28/turn              c - +4 ring of protection
MPRegen  0.24/turn              L - ring of magical power

@: lethally poisoned (-3 -> -3), petrified
A: breathe frost, unfitting armour, cold resistance 1, cold-blooded, AC +8
a: Breathe Frost, Renounce Religion, Recite, Vitalisation, Imprison, Sanctuary,
Donate Gold


You were on level 2 of the Lair of Beasts.
You worshipped Zin.
Zin was extremely pleased with you.
You visited 3 branches of the dungeon, and saw 14 of its levels.

You collected 750 gold pieces.
You spent 26 gold pieces at shops.
You donated 75 gold pieces to Zin.

Inventory:

Hand Weapons
 v - a +0 falchion of holy wrath
 w - a +1 hand axe of flaming
 C - a +3 rapier of electrocution (weapon)
 M - a +2 falchion of electrocution
Missiles
 a - 84 poisoned darts
 b - 6 silver javelins
 k - 7 javelins
 D - 14 boomerangs
 R - 7 boomerangs of dispersal
Armour
 n - a +1 hat of see invisible (worn)
 E - a +0 pair of gloves (worn)
 F - a +1 pair of boots (worn)
 N - a +2 cloak of preservation (worn)
 S - a +0 buckler (worn)
Jewellery
 c - a +4 ring of protection (left hand)
 p - an uncursed ring of flight
 q - an uncursed ring of wizardry
 u - an uncursed amulet of reflection
 L - a ring of magical power (right hand)
 W - the ring "Luprureq" {rElec rPois rN+ Int+3 Dex+6}
   (You found it on level 2 of the Lair of Beasts)

   [ring of dexterity]

   It affects your intelligence (+3).
   It affects your dexterity (+6).
   It insulates you from electricity.
   It protects you from poison.
   It protects you from negative energy.
 Y - an amulet of the acrobat (around neck)
Wands
 t - a wand of flame (24)
 J - a wand of digging (7)
 Q - a wand of paralysis (3)
 T - a wand of disintegration (11)
 Z - a wand of acid (6)
Scrolls
 d - 2 scrolls of fog {unknown}
 f - 6 scrolls of remove curse
 h - 5 scrolls of teleportation
 i - a scroll of enchant armour
 j - 4 scrolls of magic mapping
 m - 3 scrolls of enchant weapon
 o - 3 scrolls of amnesia {unknown}
 r - 2 scrolls of random uselessness {unknown}
 x - a scroll of blinking {unknown}
 y - 2 scrolls of immolation {unknown}
 I - a scroll of summoning {unknown}
 P - a scroll of noise {unknown}
 V - a scroll of acquirement {unknown}
 X - a scroll of fear {unknown}
Potions
 e - 2 potions of curing
 l - 4 potions of brilliance
 s - a potion of flight
 z - a potion of haste
 A - 2 potions of magic
 B - 3 potions of might
 G - a potion of berserk rage
 H - 4 potions of ambrosia
 K - a potion of experience {unknown}
 O - 5 potions of attraction
 U - a potion of mutation {unknown}


   Skills:
 + Level 11.2 Fighting
 + Level 8.2 Long Blades
 - Level 3.7 Dodging
 - Level 1.7 Stealth
 - Level 4.0 Shields
 + Level 9.8 Spellcasting
 + Level 11.1 Conjurations


You had 15 spell levels left.
You knew the following spells:

 Your Spells              Type           Power        Failure   Level
a - Magic Dart            Conj           100%         1%          1
b - Searing Ray           Conj           100%         1%          2
c - Dazzling Flash        Conj/Hex       70%          1%          3
d - Iskenderun's Mystic   Conj/Tloc      35%          6%          4
e - Fireball              Conj/Fire      17%          17%         5

Your spell library contained the following spells:

 Spells                   Type           Power        Failure   Level
 Foxfire                  Conj/Fire      100%         1%          1
 Conjure Flame            Conj/Fire      35%          1%          3
 Animate Skeleton         Necr           20%          6%          1
 Beastly Appendage        Tmut           20%          6%          1
 Corona                   Hex            11%          6%          1
 Pain                     Necr           40%          6%          1
 Fulminant Prism          Conj/Hex       17%          6%          4
 Sticky Flame             Conj/Fire      35%          6%          4
 Ensorcelled Hibernation  Hex/Ice        20%          10%         2
 Slow                     Hex            10%          10%         2
 Wereblood                Tmut           10%          10%         2
 Confusing Touch          Hex            10%          19%         3
 Inner Flame              Hex/Fire       10%          19%         3
 Portal Projectile        Hex/Tloc       20%          19%         3
 Spider Form              Tmut/Pois      5%           19%         3
 Tukima's Dance           Hex            10%          19%         3
 Vampiric Draining        Necr           5%           19%         3
 Animate Dead             Necr           5%           52%         4
 Cause Fear               Hex            5%           52%         4
 Ice Form                 Ice/Tmut       10%          52%         4
 Leda's Liquefaction      Hex/Erth       5%           52%         4
 Agony                    Necr           10%          86%         5
 Blade Hands              Tmut           5%           86%         5


Dungeon Overview and Level Annotations

Branches:
Dungeon (10/15)            Temple (1/1) D:4            Lair (3/6) D:8
  Swamp (0/4) Lair:2        Snake (0/4) Lair:2
    Orc: D:9-12

Altars:
Ashenzari
Cheibriados
Dithmenos
Elyvilon
Fedhas
Gozag
Hepliaklqana
Kikubaaqudgha
Makhleb
Nemelex Xobeh
Okawaru
Qazlal
Ru
Sif Muna
Trog
Uskayaw
Vehumet
Wu Jian
Xom
Yredelemnul
Zin
The Shining One

Shops:
D:6 ?   D:10 *

Annotations:
D:10 3 runed translucent doors, quaternion's ghost, novice TrMo


Innate Abilities, Weirdness & Mutations

You can breathe waves of freezing cold.
You can buffet flying creatures when you breathe cold.
Your icy white scales are hard. (AC +8)
You cannot fit into any form of body armour.
Your flesh is cold resistant. (rC+)
You are cold-blooded and may be slowed by cold attacks.


Message History

The boulder beetle leaps! x2
Your magical contamination has completely faded away.
You have turned to stone.
The cane toad barely misses you.
The blink frog hits you but does no damage.
The cane toad stings you.
The blink frog hits you but does no damage.
The blink frog hits you!
* * * LOW HITPOINT WARNING * * *
The blink frog blinks!
The blink frog hits you.
* * * LOW HITPOINT WARNING * * *
The blink frog blinks!
The cane toad stings you.
* * * LOW HITPOINT WARNING * * *
The blink frog hits you but does no damage.
The blink frog hits you!
* * * LOW HITPOINT WARNING * * *
The blink frog blinks!
The cane toad stings you! Zin protects you from harm! The blink frog hits you!
You die...

.......°.......°○.....
...........!.†........
#####........$.....#..
#...############..
#.......## #... #
#...§....# ##..
##.#.##.......P# ##.
#.....FF.......# ##
##....@F...F.## #
##...####.### # #...
## #..F ## #... ##.
.... #.. ..... ##..
...... ####.#.
##......


You could see a cane toad and 4 blink frogs.

Vanquished Creatures
  Gastronok (Lair:1)
  3 hydras
  A two-headed ogre (D:8)
  Urug (Lair:1)
  Nergalle (D:10)
  A deep elf mage (D:9)
  Joseph (D:7)
  Maurice (D:8)
  Psyche (D:8)
  4 cane toads (Lair:1)
  2 rime drakes
  4 komodo dragons
  A polar bear (Lair:2)
  Prince Ribbit (D:7)
  2 tyrant leeches (Lair:2)
  16 yaks
  A swamp worm (Lair:2)
  5 nagas (Lair:2)
  Duvessa (D:5)
  4 water moccasins
  An orc warrior (D:8)
  An ice beast (D:6)
  3 phantoms
  A necrophage (D:8)
  3 sky beasts
  A black bear (Lair:3)
  4 centaurs
  5 ogres
  3 wolves (Lair:2)
  Blork the orc (D:5)
  3 big kobolds
  8 bullfrogs
  Dowan (D:5)
  6 scorpions
  10 killer bees
  2 howler monkeys
  Crazy Yiuf (D:6)
  2 bullfrog zombies (D:10)
  A jelly (D:10)
  2 bullfrog skeletons
  2 orc priests
  2 centaur skeletons
  4 hounds
  5 orc wizards
  3 iron imps (D:9)
  3 iguanas
  Terence (D:3)
  Natasha (twice) (D:3)
  5 worker ants
  A hound zombie (D:8)
  A hound skeleton (D:4)
  A howler monkey zombie (D:9)
  3 gnolls (D:7)
  15 adders
  3 shadow imps
  4 white imps
  4 ufetubi
  4 oozes
  2 adder skeletons
  2 worms
  2 dart slugs
  6 leopard geckos
  28 orcs
  4 giant cockroaches
  9 goblins
  7 hobgoblins
  3 jackals
  20 kobolds
  2 quokkas
  3 ball pythons
  A ball python skeleton (D:4)
  6 bats
  7 frilled lizards
  A giant cockroach zombie (D:5)
  A leopard gecko skeleton (D:5)
  A leopard gecko zombie (D:5)
  A quokka zombie (D:6)
  9 rats
289 creatures vanquished.

Vanquished Creatures (others)
  A frilled lizard (D:2)
  9 fungi
  10 plants
20 creatures vanquished.

Grand Total: 309 creatures vanquished

Notes
Turn   | Place    | Note
-------+----------+-------------------------------------------
     0 | D:1      | night the Draconian Conjurer began the quest for the Orb.
     0 | D:1      | Reached XP level 1. HP: 14/14 MP: 3/3
   252 | D:1      | Reached skill level 1 in Fighting
   252 | D:1      | Reached XP level 2. HP: 23/23 MP: 1/5
   255 | D:1      | Learned a level 2 spell: Searing Ray
   792 | D:1      | Reached XP level 3. HP: 28/28 MP: 4/6
  1174 | D:2      | Found a stormy altar of Qazlal.
  1414 | D:2      | Learned a level 3 spell: Dazzling Flash
  1858 | D:2      | Reached XP level 4. HP: 23/36 MP: 1/8
  3009 | D:3      | Noticed Natasha
  3014 | D:3      | Killed Natasha
  3015 | D:3      | Reached XP level 5. HP: 44/44 MP: 1/9
  3290 | D:3      | Reached skill level 5 in Conjurations
  3325 | D:3      | Noticed Terence
  3368 | D:3      | Killed Terence
  3505 | D:4      | Learned a level 4 spell: Iskenderun's Mystic Blast
  3798 | D:4      | Noticed an ogre
  3802 | D:4      | Killed an ogre
  3803 | D:4      | Reached XP level 6. HP: 52/52 MP: 5/11
  3946 | D:4      | Found a staircase to the Ecumenical Temple.
  3959 | Temple   | Entered the Ecumenical Temple
  4177 | Temple   | Became a worshipper of Zin the Law-Giver
  4177 | Temple   | Reached * piety under Zin
  4609 | D:4      | Reached ** piety under Zin
  4784 | D:4      | Found a shadowy altar of Dithmenos.
  5033 | D:4      | Your scales start taking on an icy white colour.
  5033 | D:4      | Reached XP level 7. HP: 60/60 MP: 8/13
  5033 | D:4      | Gained mutation: Your flesh is cold resistant. (rC+) [White
                  | Draconian growth]
  5126 | D:5      | Entered Level 5 of the Dungeon
  5371 | D:3      | Noticed Natasha
  5375 | D:3      | Killed Natasha
  5401 | D:3      | You fall into a shaft and drop 3 floors!
  5412 | D:6      | Reached skill level 5 in Fighting
  5704 | D:5      | Reached skill level 5 in Spellcasting
  5863 | D:5      | Noticed Blork the orc
  5879 | D:5      | Killed Blork the orc
  6060 | D:5      | Noticed Duvessa
  6061 | D:5      | Noticed Dowan
  6070 | D:5      | Killed Duvessa
  6071 | D:5      | Reached XP level 8. HP: 64/70 MP: 6/15
  6072 | D:5      | Killed Dowan
  6222 | D:5      | Found a glowing golden altar of the Shining One.
  7135 | D:6      | Found Usesor's Magic Scroll Emporium.
  7138 | D:6      | Bought a scroll of identify for 26 gold pieces
  7151 | D:6      | Found a broken altar of Ashenzari.
  7152 | D:6      | Found a blossoming altar of Fedhas.
  7603 | D:6      | Found a sacrificial altar of Ru.
  7707 | D:6      | Found a glowing golden altar of the Shining One.
  8013 | D:6      | Found a runed translucent door.
  8014 | D:6      | Noticed Crazy Yiuf
  8021 | D:6      | Killed Crazy Yiuf
  8021 | D:6      | Reached *** piety under Zin
  8103 | D:7      | Noticed Prince Ribbit
  8185 | D:7      | Killed Prince Ribbit
  8186 | D:7      | Reached skill level 1 in Long Blades
  8186 | D:7      | Reached XP level 9. HP: 79/79 MP: 14/18
  8918 | D:7      | Noticed Joseph
  8932 | D:7      | Killed Joseph
  9143 | D:7      | You fall into a shaft and drop 2 floors!
  9221 | D:8      | Noticed a two-headed ogre
  9230 | D:8      | Killed a two-headed ogre
  9366 | D:8      | Found a staircase to the Lair.
  9610 | D:8      | Reached **** piety under Zin
  9817 | D:8      | Learned a level 5 spell: Fireball
  9897 | D:8      | Noticed Maurice
  9910 | D:8      | Killed Maurice
  9911 | D:8      | Reached XP level 10. HP: 29/89 MP: 19/21
 10165 | D:8      | Noticed Psyche
 10181 | D:8      | Killed Psyche
 10182 | D:8      | Reached skill level 1 in Shields
 10701 | D:9      | Noticed a deep elf mage
 10707 | D:9      | Killed a deep elf mage
 10731 | D:9      | Reached ***** piety under Zin
 10968 | D:9      | Found a radiant altar of Vehumet.
 11055 | D:9      | Found a burning altar of Makhleb.
 11255 | D:10     | Entered Level 10 of the Dungeon
 11398 | D:10     | Reached skill level 5 in Long Blades
 12203 | D:10     | Found a runed translucent gate.
 12203 | D:10     | Found a runed translucent gate.
 12203 | D:10     | Found a runed translucent gate.
 12205 | D:10     | Found an opulent altar of Gozag.
 12208 | D:10     | Found Setekkao's Assorted Antiques.
 12211 | D:10     | Noticed quaternion's ghost (novice TrMo)
 12444 | D:10     | Noticed Nergalle
 12467 | D:10     | Killed Nergalle
 12468 | D:10     | Reached XP level 11. HP: 55/97 MP: 3/23
 12911 | Lair:1   | Entered Level 1 of the Lair of Beasts
 13360 | Lair:1   | Noticed Gastronok
 13362 | Lair:1   | Noticed Urug
 13380 | Lair:1   | Reached skill level 10 in Conjurations
 13384 | Lair:1   | Killed Urug
 13385 | Lair:1   | Reached skill level 10 in Fighting
 13385 | Lair:1   | Killed Gastronok
 13597 | Lair:1   | Noticed an eight-headed hydra
 13608 | Lair:1   | Killed an eight-headed hydra
 14759 | Lair:2   | Found a staircase to the Snake Pit.
 14806 | Lair:2   | Reached XP level 12. HP: 73/108 MP: 7/25
 14965 | Lair:2   | Got a wavering turquoise ring
 14967 | Lair:2   | Identified the ring "Luprureq" {rElec rPois rN+ Int+3
                  | Dex+6} (You found it on level 2 of the Lair of Beasts)
 15662 | Lair:2   | Noticed a four-headed hydra
 15674 | Lair:2   | Killed a four-headed hydra
 15793 | Lair:2   | Noticed a six-headed hydra
 15800 | Lair:2   | Killed a six-headed hydra
 15840 | Lair:2   | Found a staircase to the Swamp.
 15994 | Lair:2   | Noticed a boulder beetle
 16076 | Lair:2   | HP: 3/110 [blink frog (8)]
 16076 | Lair:2   | Zin protects you from harm!
 16077 | Lair:2   | Slain by a blink frog

Illustrated notes

Levels and vault maps discovered:
D:1:      minmay_arrival_shattered_statue, layout_basic
D:2:      layout_loops_ring, grunt_qazlal_clouds
D:3:      kennysheep_big_flooded_room, layout_basic, uniq_natasha, uniq_terence
D:4:      minmay_opposing_rooms, layout_cave_pools,
          grunt_dithmenos_smoke_and_mirrors, minmay_temple_entry_sparse_star,
          serial_park, chequers_serial_rivers_large_a, grunt_ministairs_10
D:5:      kb_forest_paths, layout_basic, nicolae_tso_swordbearing_angel,
          uniq_duvessa, uniq_blork_the_orc
D:6:      layout_basic, hangedman_ru_absence, nicolae_overflow_hidden_temple,
          serial_shops, nicolae_shop_behind_doors, uniq_crazy_yiuf_cottage
D:7:      layout_basic, uniq_joseph, uniq_prince_ribbit1
D:8:      layout_loops_cross, lair_entry_dummy, uniq_maurice, uniq_psyche
D:9:      layout_rooms, demons_altar, basic_altar
D:10:     layout_loops_corners, ebering_ghost_gozag, uniq_nergalle
Temple:   regret_index_temple_generic_petals
Lair:1:   layout_roguey, uniq_urug, uniq_gastronok
Lair:2:   layout_cellular_growth, palyth_hydra_swamp_entry,
          minmay_snake_entry_guardpost_large,
          eino_small_chamber_without_monster, nzn_sisyphean_effort
Lair:3:   layout_misc_corridors, grunt_megastairs_2, infiniplex_staircase_pool_2

Skill      XL: |  1  2  3  4  5  6  7  8  9 10 11 12 |
---------------+-------------------------------------+-----
Fighting       | 1 2 3 4 5 7 8 9 10 11 | 11.2
Spellcasting   | 3 4 5 6 7 8 9 |  9.8
Conjurations   | 5 6 7 8 9 10 11 | 11.1
Long Blades    | 1 4 5 7 8 |  8.2
Dodging        | 3 |  3.7
Shields        | 3 4 |  4.0
Stealth        | |  1.7

Action                   |  1- 3 |  4- 6 |  7- 9 | 10-12 || total
-------------------------+-------+-------+-------+-------++-------
Melee: Unarmed           |    10 |       |       |       ||    10
       Tailslap          |     1 |     3 |    11 |     3 ||    18
       Dagger            |    20 |     1 |       |       ||    21
       Staff             |       |     7 |       |       ||     7
       Hand axe          |       |    24 |       |       ||    24
       Rapier            |       |     4 |   110 |    57 ||   171
       Falchion          |       |       |     5 |       ||     5
 Cast: Magic Dart        |    73 |    66 |    50 |    53 ||   242
       Searing Ray       |     4 |    18 |    35 |    69 ||   126
       Dazzling Flash    |       |     1 |     4 |     2 ||     7
       Iskenderun's Myst |       |     2 |     6 |    31 ||    39
       Fireball          |       |       |       |     9 ||     9
Invok: Recite            |       |       |     1 |     1 ||     2
 Abil: Breathe Frost     |       |       |       |     3 ||     3
Evoke: Wand              |       |       |     2 |     9 ||    11
  Use: Scroll            |       |     4 |     5 |     8 ||    17
       Potion            |       |       |       |     3 ||     3
 Stab: Invisible         |       |       |     1 |       ||     1
       Sleeping          |       |       |     2 |     1 ||     3
       Paralysed         |       |       |     8 |     4 ||    12
Armor: Skin              |    13 |    21 |    69 |    91 ||   194
Dodge: Dodged            |    25 |    40 |    96 |   209 ||   370
Block: Buckler           |       |       |       |    47 ||    47
